[Event "GambitGuide"]
[Site "Internet Chess Club"]
[Date "2014.10.31"]
[Round "1"]
[White "JSBach"]
[Black "pablogzt"]
[Result "0-1"]
[ICCResult "White checkmated"]
[WhiteElo "1676"]
[BlackElo "1932"]
[Opening "Vienna: `Frankenstein-Dracula' variation"]
[ECO "C27"]
[NIC "VG.02"]
[Time "21:31:20"]
[TimeControl "120+12"]

1. e4 e5 2. Nc3 Nf6 3. Bc4 Nxe4 4. Qh5 Nd6 5. Bb3 Nc6 6. Nb5 g6 7. Qf3 f5 8.
Qd5 Qe7 9. Nxc7+ Kd8 10. Nxa8 b6 11. d3 Bb7 12. Nxb6 axb6 13. Qf3 e4 14.
dxe4 Nd4 15. Qg3 Nxe4 16. Qb8+ Bc8 17. Qxb6+ Ke8 18. Qxd4 Ng3+ 19. Kd1 Nxh1
20. Qxh8 Nxf2+ 21. Kd2 Ne4+ 22. Ke2 Ba6+ 23. Kf3 g5 24. g3 Bf1 25. Qg8 Nf6
26. Qxg5 Qe4+ 27. Kf2 Qg2+ 28. Ke1 Qxg1 29. Qxf6 Bg2+ 30. Kd2 Qf2+ 31. Kc3
Qc5+ 32. Bc4 Qb4+ 33. Kd4 Qc5+ 34. Kc3 Qb4+ 35. Kd4 Bc5+ 36. Ke5 Qe1+ 37.
Kxf5 Qe4+ 38. Kg5 Be7 39. Bf7+ Kd8 40. Bf4 Bxf6+ 41. Kxf6 Qe7+ 42. Kg7 Bd5
43. Kxh7 Qxf7+ 44. Kh6 Qf6+ 45. Kh7 Bf7 46. Bg5 Qxg5 47. c3 Qg6+ 48. Kh8
Qg8# {White checkmated} 0-1

[Event "GambitGuide"]
[Site "Internet Chess Club"]
[Date "2014.10.31"]
[Round "1"]
[White "JSBach"]
[Black "FischerKing"]
[Result "0-1"]
[ICCResult "White checkmated"]
[WhiteElo "1659"]
[BlackElo "1739"]
[Opening "Vienna: `Frankenstein-Dracula' variation"]
[ECO "C27"]
[NIC "VG.02"]
[Time "21:33:41"]
[TimeControl "120+12"]

1. e4 e5 2. Nc3 Nf6 3. Bc4 Nxe4 4. Qh5 Nd6 5. Bb3 Nc6 6. Nb5 g6 7. Qf3 f5 8.
Qd5 Qe7 9. Nxc7+ Kd8 10. Nxa8 b6 11. d3 Nd4 12. h4 Bg7 13. Bg5 Bf6 14. Ne2
Bb7 15. Nxb6 axb6 16. Nc3 Bxd5 17. Nxd5 Bxg5 18. Nxe7 Bxe7 19. Kd2 Kc7 20.
Bd5 Rc8 21. Rab1 Kd8 22. Rbc1 Rc5 23. c4 h6 24. b4 Rc7 25. c5 bxc5 26. Rxc5
Ne4+ 27. dxe4 Bxc5 28. bxc5 Rxc5 29. Rc1 Rxc1 30. Kxc1 Ne2+ 31. Kd2 Nf4 32.
g3 Nxd5 33. exd5 Kc7 34. Kd3 g5 35. a4 d6 36. a5 Kb7 37. Kc2 Ka6 38. hxg5
hxg5 39. Kd1 Kxa5 40. Ke2 Kb5 41. Kf3 g4+ 42. Ke2 Kc5 43. Ke3 Kxd5 44. Kd3
Ke6 45. Kc3 d5 46. Kd2 Kd6 47. Ke2 Kc5 48. Kd2 Kd4 49. Kd1 Ke4 50. Ke1 Kf3
51. Kf1 d4 52. Ke1 d3 53. Kd1 Kxf2 54. Kd2 e4 55. Kc3 Kxg3 56. Kd4 Kf4 57.
Kc3 g3 58. Kd2 g2 59. Kc3 g1=Q 60. Kd2 Qf2+ 61. Kc3 Qc2+ 62. Kb4 d2 63. Ka5
Qb2 64. Ka4 d1=R 65. Ka5 Ra1# {White checkmated} 0-1

[Event "GambitGuide"]
[Site "Internet Chess Club"]
[Date "2014.10.31"]
[Round "1"]
[White "JSBach"]
[Black "RamRock"]
[Result "1-0"]
[ICCResult "Black resigns"]
[WhiteElo "1659"]
[BlackElo "1685"]
[Opening "Vienna: `Frankenstein-Dracula' variation"]
[ECO "C27"]
[NIC "VG.02"]
[Time "21:35:19"]
[TimeControl "120+12"]

1. e4 e5 2. Nc3 Nf6 3. Bc4 Nxe4 4. Qh5 Nd6 5. Bb3 Nc6 6. Nb5 g6 7. Qf3 f5 8.
Qd5 Qe7 9. Nxc7+ Kd8 10. Nxa8 b6 11. d3 Bb7 12. Nxb6 axb6 13. Qf3 f4 14. Qg4
h5 15. Qxg6 Bh6 16. Qxh5 Kc7 17. Nf3 e4 18. dxe4 Nxe4 19. Qf7 Qc5 20. Bxf4+
Kc8 21. Bg3 Ba6 22. Rd1 Rd8 23. Rd5 Qb4+ 24. c3 Nxc3 25. Rd4 Nxd4 26. a3
Nxf3+ 27. gxf3 Qd6 28. Bxd6 {Black resigns} 1-0

[Event "GambitGuide"]
[Site "Internet Chess Club"]
[Date "2014.10.31"]
[Round "1"]
[White "JSBach"]
[Black "Acerook"]
[Result "1-0"]
[ICCResult "Black checkmated"]
[WhiteElo "1659"]
[BlackElo "2126"]
[Opening "Vienna: `Frankenstein-Dracula' variation"]
[ECO "C27"]
[NIC "VG.02"]
[Time "21:37:28"]
[TimeControl "120+12"]

1. e4 e5 2. Nc3 Nf6 3. Bc4 Nxe4 4. Qh5 Nd6 5. Bb3 Nc6 6. Nb5 g6 7. Qf3 f5 8.
Qd5 Qe7 9. Nxc7+ Kd8 10. Nxa8 b6 11. d3 Bb7 12. Nxb6 Nd4 13. Bg5 Qxg5 14.
Qxe5 axb6 15. Qxh8 Qe7+ 16. Kf1 Nxb3 17. axb3 Kc7 18. Qc3+ Kb8 19. d4 Nb5
20. Qd3 Be4 21. Qxb5 Bxc2 22. Qxb6+ Kc8 23. Ra8# {Black checkmated} 1-0

[Event "GambitGuide"]
[Site "Internet Chess Club"]
[Date "2014.10.31"]
[Round "1"]
[White "JSBach"]
[Black "luckypawns"]
[Result "1-0"]
[ICCResult "Black resigns"]
[WhiteElo "1659"]
[BlackElo "1817"]
[Opening "Vienna: `Frankenstein-Dracula' variation"]
[ECO "C27"]
[NIC "VG.02"]
[Time "21:36:37"]
[TimeControl "120+12"]

1. e4 e5 2. Nc3 Nf6 3. Bc4 Nxe4 4. Qh5 Nd6 5. Bb3 Nc6 6. Nb5 g6 7. Qf3 f5 8.
Qd5 Qe7 9. Nxc7+ Kd8 10. Nxa8 b6 11. d3 Bb7 12. Nxb6 axb6 13. Qf3 Nd4 14.
Qh3 h5 15. Be3 g5 16. Bxd4 g4 17. Bxb6+ Kc8 18. Qe3 Ne8 19. f3 f4 20. Qf2
Nf6 21. Qd2 Nd5 22. Bxd5 Bxd5 23. c4 Bc6 24. O-O-O Bh6 25. Qa5 Qd6 26. Bc5
Qc7 27. Qa6+ Bb7 28. Qf6 Qd8 29. Qxe5 gxf3 30. Nxf3 Re8 31. Qxh5 Qa5 32.
Qxe8+ {Black resigns} 1-0

[Event "GambitGuide"]
[Site "Internet Chess Club"]
[Date "2014.10.31"]
[Round "1"]
[White "JSBach"]
[Black "croder"]
[Result "1-0"]
[ICCResult "Black checkmated"]
[WhiteElo "1659"]
[BlackElo "1604"]
[Opening "Vienna: `Frankenstein-Dracula' variation"]
[ECO "C27"]
[NIC "VG.02"]
[Time "21:36:27"]
[TimeControl "120+12"]

1. e4 e5 2. Nc3 Nf6 3. Bc4 Nxe4 4. Qh5 Nd6 5. Bb3 Nc6 6. Nb5 g6 7. Qf3 f5 8.
Qd5 Qe7 9. Nxc7+ Kd8 10. Nxa8 b6 11. d3 Bb7 12. Nxb6 axb6 13. Qf3 Kc7 14.
Bd2 Qf6 15. Rc1 h6 16. c3 g5 17. Be3 f4 18. Bd2 h5 19. Bd5 Ne7 20. Bxb7 Nxb7
21. d4 d6 22. Qe4 Bg7 23. dxe5 dxe5 24. Rd1 Nc6 25. Nf3 Re8 26. O-O g4 27.
Ne1 Nd6 28. Qd3 e4 29. Qa6 f3 30. Be3 Rb8 31. Rd5 h4 32. Nc2 fxg2 33. Rfd1
Bf8 34. Kxg2 Qf3+ 35. Kg1 g3 36. Nb4 gxh2+ 37. Kxh2 Nxb4 38. cxb4 h3 39.
Qa7+ Rb7 40. Bxb6+ Kc8 41. Qa8+ Rb8 42. Qc6# {Black checkmated} 1-0

[Event "GambitGuide"]
[Site "Internet Chess Club"]
[Date "2014.10.31"]
[Round "1"]
[White "JSBach"]
[Black "luckypawns"]
[Result "0-1"]
[ICCResult "White checkmated"]
[WhiteElo "1659"]
[BlackElo "1817"]
[Opening "Vienna: `Frankenstein-Dracula' variation"]
[ECO "C27"]
[NIC "VG.02"]
[Time "21:38:23"]
[TimeControl "120+12"]

1. e4 e5 2. Nc3 Nf6 3. Bc4 Nxe4 4. Qh5 Nd6 5. Bb3 Nc6 6. Nb5 g6 7. Qf3 f5 8.
Qd5 Qe7 9. Nxc7+ Kd8 10. Nxa8 b6 11. d3 Bb7 12. Nxb6 axb6 13. Qf3 Nd4 14.
Qg3 Bg7 15. Bg5 Bf6 16. Bxf6 Qxf6 17. Ba4 b5 18. Bb3 h5 19. c3 g5 20. cxd4
f4 21. Qh3 g4 22. Rc1 gxh3 23. Nxh3 Bxg2 24. Rg1 Bxh3 25. d5 Re8 26. Rc3 e4
27. d4 Qxd4 28. Rxh3 Qxb2 29. Rxh5 e3 30. fxe3 Rxe3+ 31. Kd1 Ne4 32. Rg8+
Kc7 33. d6+ Kxd6 34. Rh6+ Kc7 35. Rc8+ Kxc8 36. Rc6+ dxc6 37. Be6+ Kc7 38.
h4 Qd2# {White checkmated} 0-1

[Event "GambitGuide"]
[Site "Internet Chess Club"]
[Date "2014.10.31"]
[Round "1"]
[White "JSBach"]
[Black "Svinotigr"]
[Result "0-1"]
[ICCResult "White checkmated"]
[WhiteElo "1659"]
[BlackElo "1757"]
[Opening "Vienna: `Frankenstein-Dracula' variation"]
[ECO "C27"]
[NIC "VG.02"]
[Time "21:32:47"]
[TimeControl "120+12"]

1. e4 e5 2. Nc3 Nf6 3. Bc4 Nxe4 4. Qh5 Nd6 5. Bb3 Nc6 6. Nb5 g6 7. Qf3 f5 8.
Qd5 Qe7 9. Nxc7+ Kd8 10. Nxa8 b6 11. d3 Bb7 12. Nxb6 axb6 13. Qf3 Nd4 14.
Qg3 Bg7 15. Bg5 Bf6 16. Bxf6 Qxf6 17. Ba4 b5 18. Bb3 f4 19. Qg4 h5 20. Qh3
g5 21. f3 g4 22. fxg4 hxg4 23. Qxg4 N6f5 24. a4 Ne3 25. Qh3 Bxg2 26. Qxg2
Nxg2+ 27. Kf2 Nxb3 28. cxb3 Rg8 29. a5 e4 30. dxe4 Qxb2+ 31. Ne2 Qd2 32. h3
Qe3+ 33. Kf1 f3 34. Nc3 Qxc3 35. Kg1 Qxa1+ 36. Kh2 Qe5+ 37. Kg1 Nh4+ 38. Kf2
Qd4+ 39. Ke1 Rg2 40. a6 Qd2+ 41. Kf1 Qf2# {White checkmated} 0-1

[Event "GambitGuide"]
[Site "Internet Chess Club"]
[Date "2014.10.31"]
[Round "1"]
[White "JSBach"]
[Black "pablogzt"]
[Result "1-0"]
[ICCResult "Black resigns"]
[WhiteElo "1659"]
[BlackElo "1932"]
[Opening "Vienna: `Frankenstein-Dracula' variation"]
[ECO "C27"]
[NIC "VG.02"]
[Time "21:37:35"]
[TimeControl "120+12"]

1. e4 e5 2. Nc3 Nf6 3. Bc4 Nxe4 4. Qh5 Nd6 5. Bb3 Nc6 6. Nb5 g6 7. Qf3 f5 8.
Qd5 Qe7 9. Nxc7+ Kd8 10. Nxa8 b6 11. d3 Bb7 12. Nxb6 axb6 13. Qf3 Nd4 14.
Qh3 e4 15. Be3 exd3 16. O-O-O Bg7 17. Rxd3 Nxb3+ 18. Rxb3 Nc4 19. Nf3 Nxb2
20. Bg5 Bf6 21. Bxf6 Qxf6 22. Rxb2 Be4 23. Re1 Ke7 24. Nd2 {Black resigns}
1-0

[Event "GambitGuide"]
[Site "Internet Chess Club"]
[Date "2014.10.31"]
[Round "1"]
[White "JSBach"]
[Black "luckypawns"]
[Result "0-1"]
[ICCResult "White checkmated"]
[WhiteElo "1659"]
[BlackElo "1817"]
[Opening "Vienna: `Frankenstein-Dracula' variation"]
[ECO "C27"]
[NIC "VG.02"]
[Time "21:39:15"]
[TimeControl "120+12"]

1. e4 e5 2. Nc3 Nf6 3. Bc4 Nxe4 4. Qh5 Nd6 5. Bb3 Nc6 6. Nb5 g6 7. Qf3 f5 8.
Qd5 Qe7 9. Nxc7+ Kd8 10. Nxa8 b6 11. d3 Bb7 12. Nxb6 axb6 13. Qf3 Nd4 14.
Qg3 Bg7 15. Bg5 Bf6 16. Bxf6 Qxf6 17. Ba4 b5 18. Bb3 h5 19. c3 g5 20. cxd4
f4 21. Qh3 g4 22. Rc1 gxh3 23. Nxh3 Bxg2 24. Rg1 Bxh3 25. d5 Re8 26. a4 Bf5
27. axb5 Nxb5 28. Bc4 Nd4 29. Rh1 e4 30. Kd2 e3+ 31. fxe3 fxe3+ 32. Kc3 Ne2+
33. Kc2 Nd4+ 34. Kb1 Ne2 35. Rcd1 Ke7 36. Rhe1 Bg4 37. h3 Bf3 38. Ka2 Ra8+
39. Kb1 Rb8 40. Rxe2 Bxe2 41. Bb3 Rxb3 42. d6+ Kxd6 43. d4 Bxd1 44. Kc1 e2
45. h4 Qxd4 46. Kb1 Qxb2# {White checkmated} 0-1

[Event "GambitGuide"]
[Site "Internet Chess Club"]
[Date "2014.10.31"]
[Round "1"]
[White "JSBach"]
[Black "croder"]
[Result "1-0"]
[ICCResult "Black checkmated"]
[WhiteElo "1659"]
[BlackElo "1604"]
[Opening "Vienna: `Frankenstein-Dracula' variation"]
[ECO "C27"]
[NIC "VG.02"]
[Time "21:38:35"]
[TimeControl "120+12"]

1. e4 e5 2. Nc3 Nf6 3. Bc4 Nxe4 4. Qh5 Nd6 5. Bb3 Nc6 6. Nb5 g6 7. Qf3 f5 8.
Qd5 Qe7 9. Nxc7+ Kd8 10. Nxa8 b6 11. d3 Bb7 12. Nxb6 axb6 13. Qf3 Kc7 14.
Be3 Qf6 15. Bd5 Ne7 16. Bxb7 Nxb7 17. c3 d6 18. Ne2 Nc6 19. Qd5 Bg7 20. Qb5
Ncd8 21. Bxb6+ Kb8 22. Qa6 e4 23. Qa7+ Kc8 24. Qa8+ Kd7 25. Bd4 Qf7 26. dxe4
Bxd4 27. Qa4+ Kc7 28. cxd4 fxe4 29. Rc1+ Kb8 30. Qa6 Re8 31. O-O g5 32. b4
h5 33. Nc3 d5 34. Qb5 g4 35. Nxd5 Qe6 36. Nc7 e3 37. Nxe6 Rxe6 38. fxe3 Rxe3
39. Qxh5 Re4 40. Qd5 Re7 41. Rf8 Rc7 42. Rxd8+ Nxd8 43. Qxd8+ Kb7 44. Rxc7+
Kb6 45. Qb8+ Ka6 46. Qb7# {Black checkmated} 1-0

[Event "GambitGuide"]
[Site "Internet Chess Club"]
[Date "2014.10.31"]
[Round "1"]
[White "JSBach"]
[Black "luckypawns"]
[Result "0-1"]
[ICCResult "White checkmated"]
[WhiteElo "1659"]
[BlackElo "1817"]
[Opening "Vienna: `Frankenstein-Dracula' variation"]
[ECO "C27"]
[NIC "VG.02"]
[Time "21:40:33"]
[TimeControl "120+12"]

1. e4 e5 2. Nc3 Nf6 3. Bc4 Nxe4 4. Qh5 Nd6 5. Bb3 Nc6 6. Nb5 g6 7. Qf3 f5 8.
Qd5 Qe7 9. Nxc7+ Kd8 10. Nxa8 b6 11. d3 Bb7 12. Nxb6 axb6 13. Qf3 Nd4 14.
Qh3 Bg7 15. Be3 h5 16. Rd1 g5 17. Bxd4 exd4+ 18. Kf1 g4 19. Qg3 Be5 20. Re1
f4 21. Rxe5 Qxe5 22. Qh4+ Kc7 23. h3 Re8 24. f3 g3 25. Be6 Rxe6 26. Qxg3
fxg3 27. Ne2 Qxe2+ 28. Kg1 Qf2# {White checkmated} 0-1

[Event "GambitGuide"]
[Site "Internet Chess Club"]
[Date "2014.10.31"]
[Round "1"]
[White "JSBach"]
[Black "kingsac"]
[Result "1-0"]
[ICCResult "Black resigns"]
[WhiteElo "1659"]
[BlackElo "1964"]
[Opening "Vienna: `Frankenstein-Dracula' variation"]
[ECO "C27"]
[NIC "VG.02"]
[Time "21:40:14"]
[TimeControl "120+12"]

1. e4 e5 2. Nc3 Nf6 3. Bc4 Nxe4 4. Qh5 Nd6 5. Bb3 Nc6 6. Nb5 g6 7. Qf3 f5 8.
Qd5 Qe7 9. Nxc7+ Kd8 10. Nxa8 b6 11. d3 Bb7 12. Nxb6 axb6 13. Qf3 Nd4 14.
Qh3 Nxb3 15. axb3 Bg7 16. Be3 Kc7 17. b4 Nb5 18. Ra4 Nd4 19. c3 Ne6 20. b5
Nc5 21. Bxc5 Qxc5 22. Rc4 d5 23. Rxc5+ bxc5 24. Qe3 d4 25. Qg5 Re8 26. f3 e4
27. fxe4 fxe4 28. Qxc5+ Kb8 29. dxe4 Rxe4+ 30. Ne2 dxc3 31. bxc3 Re5 32. Qb6
Kc8 33. Rg1 {Black resigns} 1-0

[Event "GambitGuide"]
[Site "Internet Chess Club"]
[Date "2014.10.31"]
[Round "1"]
[White "JSBach"]
[Black "ericsfriend"]
[Result "1-0"]
[ICCResult "Black resigns"]
[WhiteElo "1659"]
[BlackElo "1153"]
[Opening "Vienna: `Frankenstein-Dracula' variation"]
[ECO "C27"]
[NIC "VG.02"]
[Time "21:36:41"]
[TimeControl "120+12"]

1. e4 e5 2. Nc3 Nf6 3. Bc4 Nxe4 4. Qh5 Nd6 5. Bb3 Nc6 6. Nb5 g6 7. Qf3 f5 8.
Qd5 Qe7 9. Nxc7+ Kd8 10. Nxa8 b6 11. d3 Bb7 12. Nxb6 axb6 13. Qf3 e4 14.
dxe4 Nxe4 15. Be3 Qb4+ 16. c3 Nxc3 17. Bg5+ Be7 18. bxc3 Qa3 19. Bc1 Qa6 20.
Rb1 Re8 21. Be3 Nb4 22. Qe2 Qa5 23. cxb4 Bxb4+ 24. Kf1 Ba6 25. Bc4 b5 26.
Rxb4 Qxb4 27. Bb6+ Kc8 28. Qxe8+ Kb7 29. Qxd7+ Kxb6 30. Qd8+ Ka7 31. Qd4+
Ka8 32. Bd5+ Bb7 33. Bxb7+ Kxb7 34. Qxb4 {Black resigns} 1-0

[Event "GambitGuide"]
[Site "Internet Chess Club"]
[Date "2014.10.31"]
[Round "1"]
[White "JSBach"]
[Black "luckypawns"]
[Result "0-1"]
[ICCResult "White checkmated"]
[WhiteElo "1659"]
[BlackElo "1817"]
[Opening "Vienna: `Frankenstein-Dracula' variation"]
[ECO "C27"]
[NIC "VG.02"]
[Time "21:41:28"]
[TimeControl "120+12"]

1. e4 e5 2. Nc3 Nf6 3. Bc4 Nxe4 4. Qh5 Nd6 5. Bb3 Nc6 6. Nb5 g6 7. Qf3 f5 8.
Qd5 Qe7 9. Nxc7+ Kd8 10. Nxa8 b6 11. d3 Bb7 12. Nxb6 axb6 13. Qf3 Nd4 14.
Qg3 Bg7 15. Bg5 Bf6 16. Bxf6 Qxf6 17. Ba4 b5 18. Bb3 h5 19. Qh3 g5 20. c3 f4
21. cxd4 g4 22. Rc1 gxh3 23. Nxh3 Bxg2 24. Rg1 Bxh3 25. d5 Re8 26. Bc2 Bf5
27. Ke2 e4 28. dxe4 Nxe4 29. Kf3 Nd2+ 30. Kg2 Bxc2 31. Kh3 Bf5+ 32. Kg2 Rg8+
33. Kh1 Be4+ 34. f3 Bxf3+ 35. Rg2 Bxg2+ 36. Kg1 Qd4# {White checkmated} 0-1

[Event "GambitGuide"]
[Site "Internet Chess Club"]
[Date "2014.10.31"]
[Round "1"]
[White "JSBach"]
[Black "Svinotigr"]
[Result "1-0"]
[ICCResult "Black resigns"]
[WhiteElo "1659"]
[BlackElo "1757"]
[Opening "Vienna: `Frankenstein-Dracula' variation"]
[ECO "C27"]
[NIC "VG.02"]
[Time "21:39:55"]
[TimeControl "120+12"]

1. e4 e5 2. Nc3 Nf6 3. Bc4 Nxe4 4. Qh5 Nd6 5. Bb3 Nc6 6. Nb5 g6 7. Qf3 f5 8.
Qd5 Qe7 9. Nxc7+ Kd8 10. Nxa8 b6 11. d3 Bb7 12. Nxb6 axb6 13. Qf3 Nd4 14.
Qh3 e4 15. Be3 exd3 16. O-O-O Nxc2 17. Bxb6+ Kc8 18. Qxd3 Nb4 19. Qc3+ Nc6
20. Qxh8 {Black resigns} 1-0

[Event "GambitGuide"]
[Site "Internet Chess Club"]
[Date "2014.10.31"]
[Round "1"]
[White "JSBach"]
[Black "luckypawns"]
[Result "0-1"]
[ICCResult "White checkmated"]
[WhiteElo "1659"]
[BlackElo "1817"]
[Opening "Vienna: `Frankenstein-Dracula' variation"]
[ECO "C27"]
[NIC "VG.02"]
[Time "21:42:19"]
[TimeControl "120+12"]

1. e4 e5 2. Nc3 Nf6 3. Bc4 Nxe4 4. Qh5 Nd6 5. Bb3 Nc6 6. Nb5 g6 7. Qf3 f5 8.
Qd5 Qe7 9. Nxc7+ Kd8 10. Nxa8 b6 11. d3 Bb7 12. Nxb6 axb6 13. Qf3 Nd4 14.
Qh3 Bg7 15. Be3 h5 16. Rb1 g5 17. Bxd4 exd4+ 18. Kf1 g4 19. Qg3 Be5 20. Re1
f4 21. Rxe5 Qxe5 22. Qh4+ Kc7 23. h3 Re8 24. f3 g3 25. Be6 Rxe6 26. Qxg3
fxg3 27. Ne2 Qxe2+ 28. Kg1 Qe1# {White checkmated} 0-1

[Event "GambitGuide"]
[Site "Internet Chess Club"]
[Date "2014.10.31"]
[Round "1"]
[White "JSBach"]
[Black "croder"]
[Result "1-0"]
[ICCResult "Black resigns"]
[WhiteElo "1659"]
[BlackElo "1604"]
[Opening "Vienna: `Frankenstein-Dracula' variation"]
[ECO "C27"]
[NIC "VG.02"]
[Time "21:40:46"]
[TimeControl "120+12"]

1. e4 e5 2. Nc3 Nf6 3. Bc4 Nxe4 4. Qh5 Nd6 5. Bb3 Nc6 6. Nb5 g6 7. Qf3 f5 8.
Qd5 Qe7 9. Nxc7+ Kd8 10. Nxa8 b6 11. d3 Bb7 12. Nxb6 axb6 13. Qf3 Kc7 14.
Be3 h6 15. Bd5 Qf6 16. c3 Ne7 17. Bxb7 Nxb7 18. d4 e4 19. Qf4+ d6 20. Ne2 g5
21. Qg3 f4 22. Nxf4 gxf4 23. Qxf4 Qxf4 24. Bxf4 Nd5 25. Bd2 Bg7 26. c4 Ne7
27. Bc3 Nc6 28. Rd1 Re8 29. Ke2 Nbd8 30. Rhe1 Ne6 31. Ke3 Ng5 32. b4 Nd8 33.
h3 Ndf7 34. h4 Nh7 35. Rc1 Nf6 36. Kf4 Kd7 37. Red1 d5 38. c5 bxc5 39. dxc5
Kc6 40. Kf5 Bh8 41. Bxf6 Bxf6 42. Kxf6 Nd8 43. a4 Rf8+ 44. Ke7 Rg8 45. b5+
Kc7 46. Rxd5 Nb7 47. Rd7+ Kc8 48. c6 Na5 49. Rg1 Nc4 50. Rd4 Rg7+ 51. Kf6
Rg4 52. Rxc4 {Black resigns} 1-0

[Event "GambitGuide"]
[Site "Internet Chess Club"]
[Date "2014.10.31"]
[Round "1"]
[White "JSBach"]
[Black "luckypawns"]
[Result "0-1"]
[ICCResult "White checkmated"]
[WhiteElo "1659"]
[BlackElo "1817"]
[Opening "Vienna: `Frankenstein-Dracula' variation"]
[ECO "C27"]
[NIC "VG.02"]
[Time "21:42:54"]
[TimeControl "120+12"]

1. e4 e5 2. Nc3 Nf6 3. Bc4 Nxe4 4. Qh5 Nd6 5. Bb3 Nc6 6. Nb5 g6 7. Qf3 f5 8.
Qd5 Qe7 9. Nxc7+ Kd8 10. Nxa8 b6 11. d3 Bb7 12. Nxb6 axb6 13. Qf3 Nd4 14.
Qh3 Bg7 15. Be3 h5 16. Rc1 g5 17. Bxd4 exd4+ 18. Kf1 g4 19. Qg3 Be5 20. Re1
f4 21. Rxe5 Qxe5 22. Qh4+ Kc7 23. h3 Re8 24. f3 g3 25. Be6 Rxe6 26. Qxg3
fxg3 27. Ne2 Qxe2+ 28. Kg1 Qf2# {White checkmated} 0-1

[Event "GambitGuide"]
[Site "Internet Chess Club"]
[Date "2014.10.31"]
[Round "1"]
[White "JSBach"]
[Black "kingsac"]
[Result "1/2-1/2"]
[ICCResult "Game drawn by repetition"]
[WhiteElo "1659"]
[BlackElo "1964"]
[Opening "Vienna: `Frankenstein-Dracula' variation"]
[ECO "C27"]
[NIC "VG.02"]
[Time "21:41:41"]
[TimeControl "120+12"]

1. e4 e5 2. Nc3 Nf6 3. Bc4 Nxe4 4. Qh5 Nd6 5. Bb3 Nc6 6. Nb5 g6 7. Qf3 f5 8.
Qd5 Qe7 9. Nxc7+ Kd8 10. Nxa8 b6 11. d3 Bb7 12. Nxb6 axb6 13. Qf3 Bg7 14.
Be3 Nc8 15. Qd5 Rf8 16. Qb5 Nd4 17. Bxd4 exd4+ 18. Kf1 Qc5 19. Qxc5 bxc5 20.
a4 Nb6 21. a5 Nd5 22. a6 Ba8 23. Bxd5 Bxd5 24. Re1 d6 25. Nf3 Kd7 26. Ke2
Ra8 27. Ra1 Re8+ 28. Kd1 Ra8 29. Re1 Bf6 30. a7 Bb7 31. Ke2 Bd8 32. Ra4 Bb6
33. Rea1 Bc6 34. Ra6 Bc7 35. Re1 Bb7 36. Ra4 Bc6 37. Ra6 Bb7 38. Ra3 Bc6 39.
Ra6 Bb7 40. Ra3 Bc6 41. Ra6 Bb7 42. Ra3 Bc6 43. Ra6 Bb7 44. Ra3
{Game drawn by repetition}
1/2-1/2

[Event "GambitGuide"]
[Site "Internet Chess Club"]
[Date "2014.10.31"]
[Round "1"]
[White "JSBach"]
[Black "croder"]
[Result "1-0"]
[ICCResult "Black checkmated"]
[WhiteElo "1659"]
[BlackElo "1604"]
[Opening "Vienna: `Frankenstein-Dracula' variation"]
[ECO "C27"]
[NIC "VG.02"]
[Time "21:43:05"]
[TimeControl "120+12"]

1. e4 e5 2. Nc3 Nf6 3. Bc4 Nxe4 4. Qh5 Nd6 5. Bb3 Nc6 6. Nb5 g6 7. Qf3 f5 8.
Qd5 Qe7 9. Nxc7+ Kd8 10. Nxa8 b6 11. d3 Bb7 12. Nxb6 axb6 13. Qf3 Kc7 14.
Be3 Qf6 15. Bd5 Ne7 16. Bxb7 Nxb7 17. c3 d5 18. Ne2 h6 19. Rc1 f4 20. d4 Bg7
21. dxe5 Qe6 22. c4 Kb8 23. Nxf4 Qf5 24. cxd5 g5 25. d6 Ng6 26. Nxg6 Qxg6
27. Qd5 Re8 28. d7 Rc8 29. dxc8=Q+ Ka7 30. Qcxb7# {Black checkmated} 1-0

[Event "GambitGuide"]
[Site "Internet Chess Club"]
[Date "2014.10.31"]
[Round "1"]
[White "JSBach"]
[Black "luckypawns"]
[Result "0-1"]
[ICCResult "White checkmated"]
[WhiteElo "1659"]
[BlackElo "1817"]
[Opening "Vienna: `Frankenstein-Dracula' variation"]
[ECO "C27"]
[NIC "VG.02"]
[Time "21:43:24"]
[TimeControl "120+12"]

1. e4 e5 2. Nc3 Nf6 3. Bc4 Nxe4 4. Qh5 Nd6 5. Bb3 Nc6 6. Nb5 g6 7. Qf3 f5 8.
Qd5 Qe7 9. Nxc7+ Kd8 10. Nxa8 b6 11. d3 Bb7 12. Nxb6 axb6 13. Qf3 Nd4 14.
Qg3 Bg7 15. Bg5 Bf6 16. Bxf6 Qxf6 17. Ba4 b5 18. Bb3 h5 19. c3 g5 20. cxd4
f4 21. Qh3 g4 22. Rc1 gxh3 23. Nxh3 Bxg2 24. Rg1 Bxh3 25. d5 Re8 26. Rc5 e4
27. d4 Qxd4 28. Rc2 Bg4 29. Rd2 Qb4 30. Rf1 e3 31. fxe3 fxe3 32. Rf2 exf2+
33. Kf1 Re1+ 34. Kxf2 Qxd2+ 35. Kg3 Rg1+ 36. Kh4 Nf5# {White checkmated} 0-1

[Event "GambitGuide"]
[Site "Internet Chess Club"]
[Date "2014.10.31"]
[Round "1"]
[White "JSBach"]
[Black "croder"]
[Result "1-0"]
[ICCResult "Black checkmated"]
[WhiteElo "1659"]
[BlackElo "1604"]
[Opening "Vienna: `Frankenstein-Dracula' variation"]
[ECO "C27"]
[NIC "VG.02"]
[Time "21:43:57"]
[TimeControl "120+12"]

1. e4 e5 2. Nc3 Nf6 3. Bc4 Nxe4 4. Qh5 Nd6 5. Bb3 Nc6 6. Nb5 g6 7. Qf3 f5 8.
Qd5 Qe7 9. Nxc7+ Kd8 10. Nxa8 b6 11. d3 Bb7 12. Nxb6 axb6 13. Qf3 Kc7 14.
Be3 Qf6 15. Bd5 Ne7 16. Bxb7 Nxb7 17. Ne2 d5 18. Nc3 d4 19. Nb5+ Kb8 20. Bd2
Nc6 21. Qd5 Bd6 22. Qxc6 e4 23. Bf4 Rd8 24. Bxd6+ Rxd6 25. Qc7+ Ka8 26. Qc8#
{Black checkmated}
1-0

[Event "GambitGuide"]
[Site "Internet Chess Club"]
[Date "2014.10.31"]
[Round "1"]
[White "JSBach"]
[Black "kingsac"]
[Result "1-0"]
[ICCResult "Black resigns"]
[WhiteElo "1659"]
[BlackElo "1964"]
[Opening "Vienna: `Frankenstein-Dracula' variation"]
[ECO "C27"]
[NIC "VG.02"]
[Time "21:43:44"]
[TimeControl "120+12"]

1. e4 e5 2. Nc3 Nf6 3. Bc4 Nxe4 4. Qh5 Nd6 5. Bb3 Nc6 6. Nb5 g6 7. Qf3 f5 8.
Qd5 Qe7 9. Nxc7+ Kd8 10. Nxa8 b6 11. d3 Na5 12. Nf3 Bg7 13. Bg5 Bf6 14. Bxf6
Qxf6 15. d4 exd4 16. Qxd4 Qxd4 17. Nxd4 Bb7 18. Nxb6 axb6 19. f3 Nac4 20.
O-O-O Ne3 21. Rd2 Ndc4 22. Bxc4 Nxc4 23. Re2 Ba6 24. Rhe1 f4 25. b3 Ne3 26.
c4 d5 27. Ne6+ Kd7 28. Nxf4 d4 29. Rd2 Nf5 30. g4 {Black resigns} 1-0

[Event "GambitGuide"]
[Site "Internet Chess Club"]
[Date "2014.10.31"]
[Round "1"]
[White "JSBach"]
[Black "SirHarmony"]
[Result "1/2-1/2"]
[ICCResult "Game drawn by repetition"]
[WhiteElo "1659"]
[BlackElo "1400"]
[Opening "Vienna: `Frankenstein-Dracula' variation"]
[ECO "C27"]
[NIC "VG.02"]
[Time "21:43:47"]
[TimeControl "120+12"]

1. e4 e5 2. Nc3 Nf6 3. Bc4 Nxe4 4. Qh5 Nd6 5. Bb3 Nc6 6. Nb5 g6 7. Qf3 f5 8.
Qd5 Qe7 9. Nxc7+ Kd8 10. Nxa8 b6 11. d3 Bb7 12. Nxb6 axb6 13. Qf3 e4 14. Qe3
exd3 15. cxd3 Nb5 16. Bd5 Qb4+ 17. Bd2 Qxb2 18. Rc1 Bb4 19. Bxb4 Qxb4+ 20.
Kf1 Re8 21. Qxb6+ Nc7 22. Qxb4 Nxb4 23. Bxb7 Nxd3 24. Rd1 Nb2 25. Rb1 Nd3
26. Rd1 Nb2 27. Rb1 Nd3 28. Rd1 Nb2 29. Rb1 {Game drawn by repetition}
1/2-1/2

[Event "GambitGuide"]
[Site "Internet Chess Club"]
[Date "2014.10.31"]
[Round "1"]
[White "JSBach"]
[Black "SlippinAway"]
[Result "1-0"]
[ICCResult "Black resigns"]
[WhiteElo "1651"]
[BlackElo "2064"]
[Opening "Vienna: `Frankenstein-Dracula' variation"]
[ECO "C27"]
[NIC "VG.02"]
[Time "21:43:52"]
[TimeControl "120+12"]

1. e4 e5 2. Nc3 Nf6 3. Bc4 Nxe4 4. Qh5 Nd6 5. Bb3 Nc6 6. Nb5 g6 7. Qf3 f5 8.
Qd5 Qe7 9. Nxc7+ Kd8 10. Nxa8 b6 11. d3 Bb7 12. Nxb6 axb6 13. Qf3 e4 14.
dxe4 Qxe4+ 15. Be3 Kc7 16. Rd1 Qxf3 17. Nxf3 Ne4 18. Bd5 Bc5 19. Bxc5 Nxc5
20. c4 Re8+ 21. Kd2 Ne4+ 22. Bxe4 Rxe4 23. b3 Nd4 24. Ne1 d5 25. f3 Re2+ 26.
Kd3 {Black resigns} 1-0